 Dungeon Crawl Stone Soup version 0.27-a0-1590-g15f69828bf (webtiles) character file.

Game seed: 18013399328308636883

2837 mandarbmax the Geomancer (level 9, 0/64 HPs)
             Began as an Octopode Earth Elementalist on July 18, 2021.
             Was a Believer of Cheibriados.
             Slain by a vampire (14 damage)
             ... on level 7 of the Dungeon.
             The game lasted 00:21:09 (11337 turns).

mandarbmax the Geomancer (OpEE)                    Turns: 11337, Time: 00:21:09

Health: 0/64       AC:  7    Str:  8 (11) XL:     9   Next: 74%
Magic:  11/12      EV: 18    Int: 22 (24) God:    Cheibriados [**....]
Gold:   393        SH:  0    Dex: 20 (23) Spells: 5/12 levels left

rFire    . . .     SeeInvis .   e - +2 spear (vamp)
rCold    . . .     Faith    .   (no shield)
rNeg     . . .     Spirit   .   m - +1 hat
rPois    .         Reflect  .   (no amulet)
rElec    .         Harm     .   a - +6 ring of dexterity
rCorr    .         Rampage  .   (no ring)
Will     .....                  (no ring)
Stlth    +++.......             (no ring)
HPRegen  0.20/turn              (no ring)
MPRegen  0.13/turn              (no ring)
                                (no ring)
                                (no ring)

@: brilliant, ice-armoured, very slow
A: almost no armour, amphibious, 8 rings, camouflage 1, gelatinous body 1,
(nimble swimmer 1), tentacles
a: Renounce Religion, Bend Time


You were on level 7 of the Dungeon.
You worshipped Cheibriados.
Cheibriados was pleased with you.
You visited 1 branch of the dungeon, and saw 8 of its levels.

You collected 393 gold pieces.

Inventory:

Hand Weapons
 e - a +2 vampiric spear (weapon)
Missiles
 b - 183 stones
Armour
 m - a +1 hat (worn)
Magical Staves
 h - a staff of death
Jewellery
 a - a +6 ring of dexterity (left tentacle)
Scrolls
 f - 2 scrolls of magic mapping
 j - a scroll of fog
 l - a scroll of amnesia
 n - a scroll of fear
 o - a scroll of vulnerability
 p - a scroll of noise
Potions
 c - a potion of brilliance
 g - a potion of magic
 i - a potion of mutation


   Skills:
 + Level 7.0 Fighting
 + Level 7.4 Dodging
 - Level 2.6 Stealth
 - Level 2.0 Spellcasting
 - Level 1.0 Transmutations
 - Level 9.0 Earth Magic


You had 5 spell levels left.
You knew the following spells:

 Your Spells              Type           Power      Damage    Failure   Level
a - Sandblast             Erth           100%       2d20      1%          1
b - Stone Arrow           Conj/Erth      66%        3d11      6%          3
c - Ozocubu's Armour      Ice            3%         N/A       38%         3

Your spell library contained the following spells:

 Spells                   Type           Power      Damage    Failure   Level
 Passwall                 Tmut/Erth      30%        N/A       2%          2
 Pain                     Necr           12%        1d4       14%         1
 Petrify                  Tmut/Erth      36%        N/A       17%         4
 Corpse Rot               Necr/Air       N/A        N/A       21%         2
 Hailstorm                Conj/Ice       3%         3d3       80%         4
 Metabolic Englaciation   Hex/Ice        1%         N/A       98%         5
 Simulacrum               Ice/Necr       1%         N/A       100%        6
 Infestation              Necr           1%         N/A       100%        8


Dungeon Overview and Level Annotations

Branches:
Dungeon (8/15)             Temple (0/1) D:7
   Lair: D:8-11

Altars:
Cheibriados
Dithmenos
Wu Jian
Xom

Shops:
D:5 (

Annotations:
D:6 1 runed translucent door, ew1980's ghost, novice FoFi


Innate Abilities, Weirdness & Mutations

You cannot wear most types of armour.
You are amphibious.
You can wear up to eight rings at the same time.
Your skin changes colour to match your surroundings (Stealth+).
Your rubbery body absorbs attacks. (AC +1, EV +1)
((You are camouflaged near water. (Stealth+)))
You have tentacles for arms and can constrict up to eight enemies at once.


Message History

The vampire flickers and vanishes!
Deactivating autopickup; reactivate with Ctrl-A.
You are too confused!
Your icy armour will break if you move.
Continue? [Y]es or [N]o only, please.
Your icy armour will break if you move.
Continue? [Y]es or [N]o only, please.
Your icy armour will break if you move.
Continue?
Okay, then.
You're too confused to attack without stumbling around!
Your icy armour will break if you move.
Continue?
You bump into the rock wall.
Something hits you.
You writhe in agony!
Something bites you but does no damage.
Your icy armour will break if you move.
Continue?
You miss something. Something hits you. Something bites you!
Something draws strength from your injuries!
Your magical contamination has completely faded away.
You feel clever all of a sudden. Something hits you!
You writhe in agony.
Something bites you but does no damage. Magic courses through your body.
Something hits you!
* * * LOW HITPOINT WARNING * * *
Something bites you!
* * * LOW HITPOINT WARNING * * *
Something draws strength from your injuries!
Unknown command.
You feel better. Something barely misses you. Something bites you.
* * * LOW HITPOINT WARNING * * *
Something draws strength from your injuries!
Unknown command.
Casting: Sandblast (safe; 1% risk of failure)
Confirm with . or Enter, or press ? or * to list all spells.
You can't see any susceptible monsters within range! (Use Z to cast anyway.)
Casting: Sandblast (safe; 1% risk of failure)
Confirm with . or Enter, or press ? or * to list all spells.
Aiming: Sandblast (safe; 1% risk of failure)
Press: ? - help, Shift-Dir - straight line You feel a surge of power!
The blast of sand hits something.
Something hits you!
You die...

#.####..####...##...###..#.#
# #........#
##[####.......#.#
#.######.####.......####.#.#
####.# #.#..........# #.#.#
.....# #.#.#######(.#
#.#.### ####.# #.#.# #..#
##.##... #.# #.#.## #..#
#...#... #.# #....######..#
#.⌠.#### ####.#
#....{@..##..# #...#
<....####
##...###.....####.#####
####....# ##.##
####.###.....#.. #.##.# #.#
#.# #.[...##. #.##.# #.# #.#
#..>..##. #.##.#
#.#######.###.....##. #.##.#
#...........#.....#.. #.##.#
########.######.####.
#.##.## #.# #...#.#.


There were no monsters in sight!

Vanquished Creatures
  Grinder (D:3)
  Sigmund (D:4)
  3 orc warriors
  A sky beast (D:5)
  A black bear (D:4)
  A necrophage (D:6)
  3 centaurs
  A phantom (D:4)
  A kobold brigand (D:6)
  4 bullfrogs
  A scorpion (D:6)
  A wyvern skeleton (D:7)
  A bullfrog zombie (D:5)
  4 orc priests
  A jelly (D:7)
  2 centaur zombies
  2 hounds
  A centaur skeleton (D:4)
  A bullfrog skeleton (D:5)
  Jessica (D:3)
  Natasha (twice) (D:3)
  7 iguanas
  15 orc wizards
  A mummy (D:6)
  A howler monkey zombie (D:5)
  Robin (D:3)
  5 adders
  2 gnolls (D:8)
  A worm (D:2)
  3 dart slugs
  15 orcs
  6 endoplasms
  2 giant cockroaches
  12 goblins
  4 hobgoblins
  22 jackals
  10 kobolds
  8 quokkas
  4 ball pythons
  3 bats
  3 frilled lizards
  5 rats
164 creatures vanquished.

Vanquished Creatures (others)
  3 plants (D:8)
3 creatures vanquished.

Grand Total: 167 creatures vanquished

Notes
Turn   | Place    | Note
-------+----------+-------------------------------------------
     0 | D:1      | mandarbmax the Octopode Earth Elementalist began the quest
                  | for the Orb.
     0 | D:1      | Reached XP level 1. HP: 11/11 MP: 3/3
   172 | D:1      | Reached XP level 2. HP: 14/17 MP: 3/5
   588 | D:1      | Found a faded altar of an unknown god.
   659 | D:1      | Reached skill level 4 in Earth Magic
   727 | D:1      | Reached XP level 3. HP: 21/21 MP: 2/6
  1463 | D:2      | Found an ornate altar of the Wu Jian Council.
  1755 | D:2      | Reached XP level 4. HP: 27/27 MP: 2/7
  1966 | D:2      | Reached skill level 5 in Earth Magic
  2109 | D:3      | Noticed Robin
  2381 | D:3      | Killed Robin
  2411 | D:3      | Noticed Grinder
  2448 | D:3      | Paralysed by Grinder for 2 turns
  2454 | D:3      | Killed Grinder
  2455 | D:3      | Reached skill level 6 in Earth Magic
  2455 | D:3      | Reached XP level 5. HP: 15/31 MP: 0/8
  2455 | D:3      | Reached XP level 6. HP: 17/36 MP: 0/9
  2479 | D:2      | Learned a level 3 spell: Stone Arrow
  2651 | D:3      | Reached skill level 7 in Earth Magic
  3107 | D:3      | Noticed Jessica
  3112 | D:3      | Killed Jessica
  3130 | D:3      | Noticed Natasha
  3141 | D:3      | Killed Natasha
  3239 | D:3      | Noticed Natasha
  3244 | D:3      | Killed Natasha
  3405 | D:4      | Reached XP level 7. HP: 40/41 MP: 7/10
  3552 | D:4      | Reached skill level 8 in Earth Magic
  3691 | D:4      | Noticed Sigmund
  3698 | D:4      | Killed Sigmund
  4327 | D:4      | Reached skill level 9 in Earth Magic
  4327 | D:4      | Reached skill level 1 in Fighting
  4691 | D:4      | Found a shimmering altar of Xom.
  4694 | D:4      | Reached XP level 8. HP: 48/48 MP: 7/11
  4756 | D:5      | Entered Level 5 of the Dungeon
  5054 | D:5      | Found an ornate altar of the Wu Jian Council.
  5293 | D:5      | Found Qavoeppa's Antique Weapon Shop.
  6237 | D:6      | Found a snail-covered altar of Cheibriados.
  6323 | D:6      | Learned a level 3 spell: Ozocubu's Armour
  6323 | D:6      | Became a worshipper of Cheibriados the Contemplative
  6334 | D:6      | Identified the +1 robe of Yredelemnul's Pride {Harm Regen+}
  6383 | D:6      | Found a shadowy altar of Dithmenos.
  6646 | D:6      | Reached skill level 5 in Dodging
  7150 | D:6      | Reached XP level 9. HP: 60/60 MP: 3/12
  7167 | D:6      | Reached skill level 5 in Fighting
  7490 | D:6      | Found a runed translucent door.
  7496 | D:6      | Reached * piety under Cheibriados
  7919 | D:6      | Noticed ew1980's ghost (novice FoFi)
  8797 | D:7      | Got the Volume of the Frostbite and Dark Rites
  9115 | D:7      | Found a staircase to the Ecumenical Temple.
  9793 | D:7      | Noticed a boulder beetle
 10865 | D:8      | Reached ** piety under Cheibriados
 10958 | D:8      | Noticed a cyclops
 11337 | D:7      | Slain by a vampire

Illustrated notes

Levels and vault maps discovered:
D:1:      dpeg_arrival_line_fractal, layout_basic,
          dreamdust_ecumenical_altar_angels_and_demons, dk_noncrumbling_3
D:2:      layout_rooms, basic_altar
D:3:      layout_loops_ring, uniq_jessica, uniq_natasha, uniq_robin,
          uniq_grinder
D:4:      layout_rooms, tgw_xom, uniq_sigmund
D:5:      layout_loops_corners, lemuel_crystal_altar, serial_shops,
          nicolae_square_shop
D:6:      minmay_flawed_box, layout_loops_ring, slow_altar_2,
          nicolae_dithmenos_shadow_blocks, ebering_ghost_sewer_d
D:7:      layout_loops_ring, minmay_temple_entry_antechambers
D:8:      minmay_the_grid_octo_tiled_squarecenter
          [minmay_the_grid_octo_fan_narrow, minmay_the_grid_octo_horde,
          minmay_the_grid_octo_shrine, minmay_the_grid_octo_clover_2,
          minmay_the_grid_square_5x5_megaprize_open,
          minmay_the_grid_square_5x5_checkered,
          minmay_the_grid_square_5x5_minivault, minmay_the_grid_square_5x5_plus,
          minmay_the_grid_square_5x5_three_walls], layout_basic,
          hangedman_abyss_or_decor_stabs, worms_lemuel

Skill      XL: |  1  2  3  4  5  6  7  8  9 |
---------------+----------------------------+-----
Earth Magic    | 4 6 7 9 |  9.0
Fighting       | 1 4 7 |  7.0
Dodging        | 5 7 |  7.4
Stealth        | |  2.6
Spellcasting   | |  2.0
Transmutations | |  1.0

Action                   |  1- 3 |  4- 6 |  7- 9 || total
-------------------------+-------+-------+-------++-------
Melee: Unarmed           |    18 |       |       ||    18
       Constrict         |     5 |     5 |    18 ||    28
       Tentacles         |     5 |     2 |    26 ||    33
       Staff             |     1 |     5 |       ||     6
       Spear             |       |     9 |   120 ||   129
 Cast: Sandblast         |    55 |    51 |    59 ||   165
       Stone Arrow       |       |       |    76 ||    76
       Ozocubu's Armour  |       |       |     7 ||     7
Invok: Bend Time         |       |       |     1 ||     1
  Use: Scroll            |       |     6 |     8 ||    14
       Potion            |       |       |     9 ||     9
 Stab: Sleeping          |       |       |     6 ||     6
Armor: Skin              |     1 |     2 |    16 ||    19
Dodge: Dodged            |    19 |    12 |   130 ||   161

Table legend: (Time is in decaauts)
 A = Elapsed time spent in this place.
 B = Non-inter-level travel time spent in this place.
 C = Inter-level travel time spent in this place.
 D = Time resting spent in this place.
 E = Time spent auto-exploring this place.
 F = Levels seen in this place.
 G = Mean time per level.
                   A        B        C        D        E       F      G
               +--------+--------+--------+--------+--------+-----+--------+
         Total |  11861 |  11523 |    338 |   4443 |   5719 |   8 | 1482.6 |
       Dungeon |  11861 |  11523 |    338 |   4443 |   5719 |   8 | 1482.6 |
               +--------+--------+--------+--------+--------+-----+--------+

Top non-repeatable levels by time:
     D:6: 2744 daAuts
     D:7: 2439 daAuts
     D:1: 1462 daAuts
     D:5: 1432 daAuts
     D:4: 1425 daAuts
     D:2: 1011 daAuts
     D:3: 864 daAuts
     D:8: 482 daAuts
